AoeStats
← XEVER | Monarca

Arabia

509700322Analyzed
4v4 RM · 4d ago on Sep 27, 2026· 39m 30s· 8 players
Game mode
Random Map
Map size
Large (8 player)
Population
200
Speed
Normal
Resources
Standard
Victory
Conquest
Starting age
Dark Age
Ending age
Imperial Age
RankedLock teamsTeams togetherTeam positionsShared explorationLock speedFull tech treeHidden civsTurbo modeCheats
Victory
Defeat
🇦🇷 Koreans · Argentina
1854
+11
🇪🇨 Gurjaras · Ecuador
1798
+13
🇦🇷 Armenians · Argentina
1529
+23
🇦🇷 Byzantines · Argentina
1505
+25
🇹🇷 Ethiopians · Türkiye
1795
-21
🇹🇷 Danes · Türkiye
1759
-20
🇹🇷 Tupi · Türkiye
1660
-16
🇹🇷 Jurchens · Türkiye
1649
-15
Eärnur
5:57 Loom
8:44 Feudal Age
9:25 Double-Bit Axe
9:50 Horse Collar
14:08 Scale Barding Armor
16:35 Forging
18:24 Bloodlines
22:07 Castle Age
21:34 Gold Mining
22:48 Wheelbarrow
23:06 Bow Saw
22:57 Heavy Plow
22:19 Light Cavalry
23:24 Husbandry
32:28 Chain Barding Armor
32:43 Husbandry
34:31 Hand Cart
38:19 Imperial Age
35:57 Stone Mining
36:01 Town Watch
36:46 Kshatriyas
37:29 Gold Shaft Mining
38:05 Iron Casting
38:35 Stone Shaft Mining
39:43 Plate Barding Armor
38:54 Elite Shrivamsha Rider
40:23 Conscription
40:35 Crop Rotation
XEVER | Monarca
6:53 Loom
9:21 Feudal Age
9:51 Double-Bit Axe
18:42 Scale Barding Armor
20:59 Wheelbarrow
21:42 Gold Mining
23:59 Castle Age
23:02 Forging
23:05 Bloodlines
25:03 Chain Barding Armor
27:33 Bow Saw
29:40 Husbandry
35:31 Iron Casting
38:11 Horse Collar
XEVER | Dylan
6:10 Loom
8:26 Feudal Age
12:39 Fletching
22:54 Castle Age
20:46 Horse Collar
23:07 Gold Mining
23:32 Bodkin Arrow
23:01 Crossbowman
26:09 Ballistics
26:42 Double-Bit Axe
27:35 Bow Saw
28:20 Wheelbarrow
37:51 Imperial Age
36:27 Padded Archer Armor
37:09 Hand Cart
37:22 Leather Archer Armor
39:00 Bracer
40:03 Chemistry
39:26 Thumb Ring
VL Nahue05
6:02 Loom
6:28 Loom
8:22 Feudal Age
9:28 Double-Bit Axe
12:51 Fletching
23:50 Castle Age
24:47 Bodkin Arrow
25:15 Crossbowman
27:40 Ballistics
29:28 Thumb Ring
31:05 Bow Saw
32:59 Wheelbarrow
33:38 Horse Collar
33:58 Town Watch
34:14 Gold Mining
42:09 Imperial Age
FeelMySpike
1:28 Loom
8:44 Feudal Age
9:21 Double-Bit Axe
15:56 Scale Barding Armor
21:04 Bloodlines
22:57 Horse Collar
26:13 Castle Age
24:46 Forging
24:36 Gold Mining
27:00 Husbandry
27:23 Chain Barding Armor
26:28 Light Cavalry
33:25 Wheelbarrow
34:00 Bow Saw
36:42 Town Watch
40:19 Iron Casting
40:03 Hand Cart
Patoshiq
6:07 Loom
8:50 Feudal Age
9:21 Double-Bit Axe
9:31 Horse Collar
16:26 Scale Barding Armor
17:49 Forging
23:39 Castle Age
22:17 Gold Mining
23:21 Bloodlines
24:45 Chain Barding Armor
24:41 Bow Saw
26:27 Husbandry
33:50 Wheelbarrow
Edelreiss
5:47 Loom
8:24 Feudal Age
11:48 Fletching
15:58 Padded Archer Armor
17:01 Double-Bit Axe
22:22 Castle Age
21:06 Gold Mining
22:29 Crossbowman
23:11 Bodkin Arrow
25:05 Ballistics
26:29 Bow Saw
31:15 Leather Archer Armor
32:04 Thumb Ring
35:16 Wheelbarrow
Sekov
6:12 Loom
8:22 Feudal Age
13:35 Fletching
15:57 Double-Bit Axe
20:30 Padded Archer Armor
24:35 Castle Age
25:31 Wheelbarrow
24:40 Crossbowman
25:16 Bodkin Arrow
25:33 Bow Saw
29:33 Horse Collar
33:16 Ballistics
38:16 Elite Skirmisher
39:19 Hand Cart
Connection lost

Rejoining the realm…

Still unreachable

The connection could not be restored.

Session expired

The server has moved on; the page needs a fresh start.